Unix NetHack Version 3.7.0-70 Work-in-progress - last build Jan 20 2023 02:37:49 (416de4da9be3a1557180d233d1398bca634ded6a,branch:master). Game began 2023-01-26 03:45:50, ended 2023-01-26 03:54:18. Gandelf, neutral male human Monk ... ....| ..@%--- ..G[%.. ..|%..-- ---...| -..<.. ...... ..... .-- Gandelf the Novice St:17 Dx:14 Co:9 In:10 Wi:11 Ch:15 Neutral S:1392 Dlvl:7 $:52 HP:0(40) Pw:27(27) AC:4 Xp:5/260 T:1349 Burdened Latest messages: You see here a bow. An arrow shoots out at you! You are hit by an arrow. You fall down the stairs. You hit the dwarf! You hit the dwarf! You hit the dwarf! The dwarf turns to flee. The gnome misses! You kill the gnome! You see here 10 darts. A dagger misses you. You have a little trouble lifting n - 10 darts (20 in total). You have a little trouble lifting N - a dagger. The hobbit just misses! You kill the hobbit! You hit the dwarf! You kill the dwarf! You are hit by a dagger. You kill the gnome! The dwarf hits! The gnome picks up a dagger. You kill the gnome! The dwarf just misses! Your candle is getting short. You hit the dwarf! You kill the dwarf! You have a little trouble lifting O - a pick-axe. You kill the gnome! You have extreme difficulty lifting a dwarf corpse. Continue? [ynq] (q) y P - a dwarf corpse. You can barely move a handspan with this load! The gnome lord hits! The arrow hits the gnome lord. The gnome lord hits! The gnome lord hits! The gnome lord hits! The gnome lord hits! You are almost hit by an arrow. The gnome lord hits! You drop a dwarf corpse. Your movements are only slowed slightly by your load. The gnome lord hits! You are hit by an arrow. You die... Do you want your possessions identified? [ynq] (y) y Do you want to see your attributes? [ynq] (y) y Do you want an account of creatures vanquished? [ynaq] (y) y Do you want to see your conduct and achievements? [ynq] (y) y Do you want to see the dungeon overview? [ynq] (y) y Inventory: Coins $ - 52 gold pieces Weapons w - 7 +0 ya n - 20 +0 darts I - 9 cursed -1 shuriken N - a +0 dagger j - a +0 aklys Armor E - an uncursed +0 dwarvish iron helm o - a blessed +2 orcish helm l - an uncursed +5 orcish helm r - an uncursed +0 orcish helm M - an uncursed +0 pair of gauntlets of power a - an uncursed +2 pair of leather gloves (being worn) F - an uncursed +0 dwarvish cloak b - an uncursed +1 robe (being worn) B - an uncursed +0 elven mithril-coat z - an uncursed +0 leather armor Comestibles x - an uncursed slime mold g - 6 uncursed apples q - an uncursed clove of garlic f - 3 uncursed food rations p - an uncursed partly eaten food ration i - 3 uncursed fortune cookies h - 6 uncursed oranges Scrolls d - an uncursed scroll of magic mapping m - a blessed scroll of remove curse L - an uncursed scroll of teleportation Spellbooks c - a blessed spellbook of confuse monster A - an uncursed spellbook of slow monster Potions D - an uncursed potion of extra healing e - 3 uncursed potions of healing Rings u - an uncursed ring of fire resistance (on right hand) v - an uncursed ring of protection from shape changers (on left hand) Tools O - a +0 pick-axe K - an uncursed partly used tallow candle (lit) Gems/Stones J - 2 uncursed aquamarine stones G - 4 uncursed worthless pieces of black glass k - an uncursed worthless piece of blue glass H - 2 uncursed worthless pieces of green glass t - an uncursed worthless piece of white glass C - 6 uncursed flint stones Gandelf the Monk's attributes: Background: You were a Novice, a level 5 male human Monk. You were neutral, nominally on a mission for Chih Sung-tzu who was opposed by Shan Lai Ching (lawful) and Huan Ti (chaotic). You were in the Gnomish Mines, on level 7. You entered the dungeon 1349 turns ago. It was nighttime. You had 260 experience points, 60 more were needed to attain level 6. Your score was 1392 before end-of-game adjustments. Basics: You had 0 out of 40 hit points. You had all 27 energy points (spell power). Your armor class was 4. Your wallet contained 52 zorkmids. Autopickup was on for '$?!+/=' plus thrown. Final Characteristics: Your strength was 17 (limit:18/100). Your dexterity was 14 (limit:18). Your constitution was 9 (limit:18). Your intelligence was 10 (limit:18). Your wisdom was 11 (limit:18). Your charisma was 15 (limit:18). Final Status: You were not hungry. You were burdened; movement was slightly slowed. You were empty handed. You had basic skill with martial arts. Final Attributes: You were devoutly aligned. You were fire resistant. Your items were protected from fire. You were sleep resistant. You were poison resistant. You saw invisible. You were stealthy. You were guarded. You were protected from shape changers. You were fast. You are dead. Miscellaneous: You never encountered a bones level. Total elapsed playing time was 8 minutes and 28 seconds. Major events: Turn 1: Gandelf the neutral male human Monk entered the dungeon 1131: attained the rank of Novice (level 3) 1145: entered the Gnomish Mines 1349: killed by an arrow Vanquished creatures: a small mimic 3 gnome leaders a kitten 4 dwarves a homunculus 4 hobbits 11 gnomes 2 jackals 4 goblins a grid bug a lichen 5 newts 38 creatures vanquished. No species were genocided or became extinct. Voluntary challenges: You followed a strict vegan diet. You were an atheist. You never hit with a wielded weapon. You were illiterate. You never engraved Elbereth. You never genocided any monsters. You never polymorphed an object. You never changed form. You used no wishes. Achievements: You entered a shop. You attained the rank of Novice. You entered the Gnomish Mines. The Dungeons of Doom: levels 1 to 5 Level 1: Level 2: A jewelers. Level 3: Level 4: Stairs down to The Gnomish Mines. Level 5: The Gnomish Mines: levels 5 to 7 Level 5: Level 6: Level 7: <- You were here. Final resting place for you, killed by an arrow. Game over: ---------- / \ / REST \ / IN \ / PEACE \ / \ | Gandelf | | 52 Au | | killed by an | | arrow | | | | | | 2023 | *| * * * | * _________)/\\_//(\/(/\)/\//\/|_)_______ Goodbye Gandelf the Monk... You died in The Gnomish Mines on dungeon level 7 with 1387 points, and 52 pieces of gold, after 1349 moves. You were level 5 with a maximum of 40 hit points when you died.